 Dungeon Crawl Stone Soup version 0.20.1-1-g8b1a95d (webtiles) character file.

112 JayJay1191 the Changer (level 4, -5/32 HPs)
             Began as a Merfolk Transmuter on Dec 6, 2017.
             Slain by a gnoll
             ... wielding a +0 spear
              (10 damage)
             ... on level 2 of the Dungeon.
             The game lasted 00:18:33 (2951 turns).

JayJay1191 the Changer (Merfolk Transmuter)         Turns: 2951, Time: 00:18:34

Health: -5/32      AC:  2    Str: 10    XL:     4   Next: 95%
Magic:  6/7        EV: 13    Int: 13    God:
Gold:   234        SH:  0    Dex: 14    Spells: 3/7 levels left

rFire    . . .     SeeInvis .     - Unarmed
rCold    . . .     Gourm    .   (no shield)
rNeg     . . .     Faith    .   b - +0 robe
rPois    .         Spirit   .   (no helmet)
rElec    .         Reflect  .   (no cloak)
rCorr    .         Harm     .   (no gloves)
MR       .....                  (no boots)
Stlth    +.........             (no amulet)
Regen    0.1/turn               (no ring)
MPRegen  0.1/turn               (no ring)

@: appendage
A: change form in water, swift swim, stealthy swim, horns 2
a: End Transformation


You were on level 2 of the Dungeon.
You were not hungry.
You had grown temporary horns.
You visited 1 branch of the dungeon, and saw 3 of its levels.

You collected 234 gold pieces.

Inventory:

Missiles
 a - 31 arrows
 o - a throwing net (quivered)
Armour
 b - a +0 robe (worn)
Scrolls
 e - a scroll of remove curse {unknown}
 f - a scroll of magic mapping {unknown}
 h - a scroll of random uselessness {unknown}
 j - 3 scrolls of identify {unknown}
 l - a scroll of blinking {unknown}
 p - a scroll of noise {unknown}
 r - a scroll of enchant weapon {unknown}
Potions
 g - a potion of degeneration {unknown}
 i - a potion of mutation {unknown}
 k - 2 potions of curing {unknown}
 n - a potion of berserk rage {unknown}
Books
 c - a book of Changes

   Spells                             Type                      Level
   a - Beastly Appendage              Transmutation                1
   b - Sticks to Snakes               Transmutation                2
   c - Spider Form                    Transmutation/Poison         3
   d - Ice Form                       Ice/Transmutation            4
   e - Blade Hands                    Transmutation                5
Comestibles
 d - a bread ration
 q - a meat ration


   Skills:
 - Level 1.1 Fighting
 - Level 2.6 Dodging
 - Level 4.0 Unarmed Combat
 + Level 2.1 Spellcasting
 + Level 4.9 Transmutations
 + Level 2.3 Poison Magic


You had 3 spell levels left.
You knew the following spells:

 Your Spells              Type           Power        Failure   Level  Hunger
a - Beastly Appendage     Tmut           ##....       3%          1    ##.....
b - Spider Form           Tmut/Pois      ##........   17%         3    ####...


Dungeon Overview and Level Annotations

Branches:
Dungeon (3/15)

Altars:
Ashenzari


Innate Abilities, Weirdness & Mutations

You revert to your normal form in water.
You are very nimble and swift while swimming.
You are very stealthy in the water. (Stealth+)
You have a pair of horns on your head.


Message History

The goblin shoots a stone.
The stone hits you but does no damage. The gnoll hits you with a spear.
There is a stone staircase leading up, spattered with blood here.
You see here 4 stones.
The gnoll hits you.
The goblin shoots a stone.
The stone hits you!
* * * LOW HITPOINT WARNING * * *
The gnoll barely misses you.
You climb upwards.
There is a stone staircase leading down, spattered with blood here.
You hit the gnoll.
The gnoll is heavily wounded.
The gnoll barely misses you. The gnoll hits you with a spear.
* * * LOW HITPOINT WARNING * * *
You barely miss the gnoll.
The gnoll is heavily wounded.
The gnoll completely misses you. The gnoll hits you but does no damage.
You hit the gnoll but do no damage. Your headbutt misses the gnoll.
The gnoll is heavily wounded.
The gnoll closely misses you. The gnoll hits you with a spear!
You die...

#########.#
...(...##.#
######)##.####
#####....(...#
#............#
#............#
#............#
#......###########
.......'.......g@#
#......#########g#
.......# #.#
.......# #.#
.####### #.#
.##....# #.#
###....# #.#
.##....#########.#
.................#


You could see 2 gnolls.

Vanquished Creatures
  2 gnolls (D:2)
  3 adders (D:2)
  3 worms (D:2)
  2 dart slugs
  2 ball pythons
  2 giant cockroaches
  13 goblins
  4 hobgoblins
  2 jackals (D:1)
  11 kobolds
  A quokka (D:3)
  4 bats (D:2)
  A frilled lizard (D:2)
  5 rats
  A fungus (D:3)
56 creatures vanquished.

Notes
Turn   | Place    | Note
-------+----------+-------------------------------------------
     0 | D:1      | JayJay1191 the Merfolk Transmuter began the quest for the Orb.
     0 | D:1      | Reached XP level 1. HP: 15/15 MP: 3/3
   305 | D:1      | Reached XP level 2. HP: 21/21 MP: 3/5
   769 | D:2      | Reached XP level 3. HP: 26/26 MP: 6/6
   774 | D:2      | Learned a level 3 spell: Spider Form
   935 | D:2      | Found a shattered altar of Ashenzari.
   978 | D:2      | Reached skill level 1 in Poison Magic
  1362 | D:2      | Reached XP level 4. HP: 16/32 MP: 7/7
  2639 | D:2      | HP: 1/32 [gnoll/halberd of freezing (4)]
  2951 | D:2      | Slain by a gnoll

Skill      XL: |  1  2  3  4 |
---------------+-------------+-----
Transmutations | 3 4 |  4.9
Unarmed Combat | 4 |  4.0
Poison Magic   | 1 2 |  2.3
Fighting       | |  1.1
Dodging        | |  2.6
Spellcasting   | |  2.1

Action                   |  1- 3 |  4- 6 || total
-------------------------+-------+-------++-------
Melee: Unarmed           |   109 |    71 ||   180
       Headbutt          |    17 |     7 ||    24
       Punch             |     2 |     1 ||     3
 Cast: Beastly Appendage |    18 |    17 ||    35
 Stab: Distracted        |       |     1 ||     1
  Eat: Chunk             |     1 |     4 ||     5
       Bread ration      |       |     1 ||     1
Armor: Robe              |    14 |    14 ||    28
Dodge: Dodged            |    65 |    60 ||   125
